[Event "Titled Tuesday Blitz February 28 Late 2023"]
[White "Dahlgren, James Allen"]
[Black "Albertini, Luca"]
[WhiteFideId "22256873"]
[BlackFideId "847038"]
[WhiteElo "2146"]
[BlackElo "2197"]
[Result "1-0"]
[Round "03"]
[TimeControl "180+2"]
[Date "2023.02.28"]
[WhiteClock "0:00:07"]
[BlackClock "0:00:12"]

1. d3 d6 2. f4 g6 3. Nf3 Nf6 4. g3 Bg7 5. Bg2 O-O 6. O-O c6 7. c4 Nbd7 8. Nc3 e5 9. e4 Qb6+ 10. Kh1 Ng4 11. Qe2 f5 12. h3 exf4 13. hxg4 fxg4 14. Bxf4 gxf3 15. Bxf3 Ne5 16. Bg2 Bg4 17. Qd2 Rae8 18. Rae1 Nf7 19. Be3 Bd4 20. Bxd4 Qxd4 21. Qe3 Qe5 22. d4 Qh5+ 23. Kg1 Ng5 24. e5 dxe5 25. dxe5 Rxf1+ 26. Rxf1 Rxe5 27. Qf4 Rf5 28. Qb8+ Kg7 29. Qxb7+ Kh6 30. Qxc6 Bh3 31. Rxf5 Bxf5 32. Qf6 Qg4 33. Kh2 Qxc4 34. Qf8+ Kh5 35. Qg7 Kg4 36. Qxa7 Nf3+ 37. Bxf3+ Kxf3 38. Qb7+ Ke3 39. Qg2 Kd4 40. Qf2+ Ke5 41. Qe3+ Kf6 42. Qh6 Qf1 43. Qf8+ Ke6 44. Qe8+ Kf6 45. Qf8+ Kg5 46. Qe7+ Kg4 47. Qe2+ Qxe2+ 48. Nxe2 Kf3 49. Nd4+ Ke4 50. Nxf5 Kxf5 51. a4 Ke5 52. a5 Kd5 53. b4 Kc6 54. Kh3 h6 55. Kg4 Kb5 56. Kf4 Ka6 57. Ke5 Kb5 58. Kf6 g5 59. Kg6 h5 60. Kxh5 g4 61. Kxg4 Kxb4 62. a6 Ka5 63. a7 Kb6 64. a8=Q 1-0


[Site "https://www.chess.com"]

[Event "Titled Tuesday Blitz February 28 Late 2023"]
[White "Tsukerman, Julia"]
[Black "Bouget, Alexandre"]
[WhiteFideId "2621649"]
[BlackFideId "681318"]
[WhiteElo "1667"]
[BlackElo "2177"]
[Result "0-1"]
[Round "03"]
[TimeControl "180+2"]
[Date "2023.02.28"]
[WhiteClock "0:00:13"]
[BlackClock "0:00:31"]

1. e4 d5 2. exd5 Qxd5 3. d4 Nc6 4. Nf3 Bg4 5. Be2 O-O-O 6. c3 e5 7. dxe5 Qxd1+ 8. Bxd1 Nxe5 9. Nbd2 Nd3+ 10. Kf1 Bc5 11. Ne4 Bb6 12. Be2 f5 13. Neg5 Nxf2 14. Nf7 Nxh1 15. Nxh8 Rf8 16. Ne5 Bxe2+ 17. Kxe2 Re8 18. Nf7 Nf2 19. Kf3 h6 20. Bd2 Ne4 21. Bf4 Ngf6 22. h3 Nd5 23. Rd1 c6 24. Bg3 Bc7 25. Nd3 Nxg3 26. Nf4 Bxf4 0-1


[Site "https://www.chess.com"]

[Event "Titled Tuesday Blitz February 28 Late 2023"]
[White "Kovalevsky, Stanislav"]
[Black "Comas Fabrego, Lluis"]
[WhiteFideId "13508598"]
[BlackFideId "2200325"]
[WhiteElo "2220"]
[BlackElo "2523"]
[Result "1-0"]
[Round "03"]
[TimeControl "180+2"]
[Date "2023.02.28"]
[WhiteClock "0:00:46"]
[BlackClock "0:00:13"]

1. c4 Nf6 2. Nc3 d5 3. cxd5 Nxd5 4. g3 e5 5. Bg2 Nb6 6. e3 Nc6 7. Nge2 h5 8. f4 h4 9. d4 exf4 10. Nxf4 Bd6 11. O-O hxg3 12. hxg3 Qg5 13. Ne4 Qh6 14. Nxd6+ cxd6 15. Qb3 O-O 16. Bd2 Qg5 17. Rf3 Bg4 18. Rf2 Bf5 19. e4 Nxd4 20. Qd3 Bd7 21. Ne6 Qe5 22. Nxf8 Rxf8 23. Bc3 1-0


[Site "https://www.chess.com"]

[Event "Titled Tuesday Blitz February 28 Late 2023"]
[White "Rangel, Daniel"]
[Black "Chemin, Justo Reinaldo"]
[WhiteFideId "2124475"]
[BlackFideId "2101580"]
[WhiteElo "2256"]
[BlackElo "1940"]
[Result "0-1"]
[Round "03"]
[TimeControl "180+2"]
[Date "2023.02.28"]
[WhiteClock "0:00:21"]
[BlackClock "0:00:20"]

1. c4 e6 2. g3 d5 3. Bg2 Nf6 4. Nf3 c6 5. O-O dxc4 6. a4 b5 7. b3 cxb3 8. Qxb3 a6 9. d4 Bb7 10. Nbd2 Nbd7 11. Nc4 bxc4 12. Qxb7 Qc8 13. Qb2 Rb8 14. Qc2 c5 15. Qxc4 cxd4 16. Qxd4 Bc5 17. Qh4 O-O 18. Bf4 Rb4 19. Rfb1 a5 20. Rxb4 Bxb4 21. Rc1 Qa6 22. Bf1 Rc8 23. Rd1 Qc6 24. Ne5 Qxa4 25. Nxd7 Qxd1 26. Nxf6+ gxf6 27. Qxf6 Qd8 28. Qe5 Bf8 29. Bg5 Qd5 0-1


[Site "https://www.chess.com"]

[Event "Titled Tuesday Blitz February 28 Late 2023"]
[White "Carrasco Miranda, Andres"]
[Black "Levine, David"]
[WhiteFideId "3405990"]
[BlackFideId "2011611"]
[WhiteElo "2183"]
[BlackElo "2120"]
[Result "1-0"]
[Round "03"]
[TimeControl "180+2"]
[Date "2023.02.28"]
[WhiteClock "0:00:08"]
[BlackClock "0:00:01"]

1. d4 d5 2. c4 dxc4 3. e4 Nf6 4. e5 Nd5 5. Bxc4 Nb6 6. Bb3 Nc6 7. Ne2 Bf5 8. Nbc3 e6 9. Be3 Be7 10. O-O O-O 11. Qd2 Na5 12. Ng3 Bg6 13. Rfd1 Nbc4 14. Qe2 Nxe3 15. fxe3 Nxb3 16. axb3 c6 17. Nge4 Qb6 18. Qc4 Rfd8 19. h3 a6 20. Nc5 Bg5 21. Kf2 h5 22. N3e4 Be7 23. Kg1 h4 24. Kh1 Rab8 25. Rf1 Qc7 26. Rf4 Rf8 27. Raf1 Rbd8 28. Rg4 Bf5 29. Rgf4 a5 30. Rxf5 exf5 31. Rxf5 b5 32. Qe2 Bxc5 33. Nxc5 Qe7 34. Qg4 Rd5 35. Ne4 g6 36. Rf6 Kg7 37. Rxc6 Qd7 38. Qxd7 Rxd7 39. Rb6 1-0


[Site "https://www.chess.com"]

[Event "Titled Tuesday Blitz February 28 Late 2023"]
[White "Bongo Akanga Ndjila, Barthelemy"]
[Black "Gerbelli Neto, Eduardo"]
[WhiteFideId "10609431"]
[BlackFideId "2103281"]
[WhiteElo "1768"]
[BlackElo "2178"]
[Result "1-0"]
[Round "03"]
[TimeControl "180+2"]
[Date "2023.02.28"]
[WhiteClock "0:01:48"]
[BlackClock "0:00:23"]

1. d4 d5 2. c4 c6 3. Qc2 Nf6 4. e3 e6 5. Nf3 Nbd7 6. Nc3 Bd6 7. c5 Bc7 8. b4 O-O 9. Bb2 e5 10. Nxe5 Nxe5 11. dxe5 Bxe5 12. Bd3 a5 13. a3 axb4 14. axb4 Rxa1+ 15. Bxa1 Qe7 16. h3 h6 17. O-O Bd7 18. Na4 Bxa1 19. Rxa1 Ra8 20. Qb2 Ne4 21. Nb6 Rxa1+ 22. Qxa1 Bf5 23. g4 Bg6 24. Qa8+ Kh7 25. Qb8 h5 26. Qf4 Qh4 27. Kg2 hxg4 28. hxg4 Ng5 29. Bxg6+ fxg6 30. Qg3 Qxg3+ 31. Kxg3 Ne4+ 32. Kg2 Nc3 33. Nc8 Na2 34. Nd6 Nxb4 35. Nxb7 Nd3 36. Nd8 Nxc5 37. Nxc6 g5 38. Ne7 d4 39. exd4 Ne6 40. d5 Nf4+ 41. Kf3 g6 42. d6 Kg7 43. Ke4 Kf6 44. Nd5+ Nxd5 45. Kxd5 Kf7 46. Kc6 1-0


[Site "https://www.chess.com"]

[Event "Titled Tuesday Blitz February 28 Late 2023"]
[White "Souza, Gustavo Horokoski De"]
[Black "Yano, William Jorge Froes"]
[WhiteFideId "2146584"]
[BlackFideId "2112949"]
[WhiteElo "1859"]
[BlackElo "2122"]
[Result "0-1"]
[Round "03"]
[TimeControl "180+2"]
[Date "2023.02.28"]
[WhiteClock "0:00:04"]
[BlackClock "0:00:57"]

1. d4 Nf6 2. c4 c5 3. d5 b5 4. cxb5 a6 5. bxa6 g6 6. Nc3 Bxa6 7. e4 Bxf1 8. Kxf1 d6 9. Nf3 Bg7 10. g3 O-O 11. Kg2 Na6 12. a4 Ne8 13. Qe2 Nb4 14. Nb5 Nc7 15. Bf4 Nxb5 16. Qxb5 Bxb2 17. Rab1 Bg7 18. h4 Ra5 19. Qe2 Rxa4 20. h5 Ra2 21. Qd1 f5 22. hxg6 fxe4 23. gxh7+ Kh8 24. Ng5 Nd3 25. Ne6 Rxf2+ 26. Kg1 Qa8 27. Nxg7 Qxd5 28. Qg4 Qd4 29. Nf5 Rxf4+ 30. Nxd4 Rxg4 31. Ne2 Rg7 32. Rf1 Rxf1+ 33. Kxf1 Rxh7 34. Rxh7+ Kxh7 35. Nc3 Kg6 36. Nxe4 Kf5 37. Nc3 e6 38. Kg2 d5 39. Nb5 c4 40. Nd4+ Ke5 41. Nf3+ Ke4 42. Nd2+ Ke3 43. Nb1 d4 44. g4 c3 45. Na3 Ne5 46. g5 d3 47. g6 Nxg6 0-1


[Site "https://www.chess.com"]

[Event "Titled Tuesday Blitz February 28 Late 2023"]
[White "Kovacs, Klara"]
[Black "Eliteplayer3"]
[WhiteFideId "733210"]
[WhiteElo "2179"]
[BlackElo "2082"]
[Result "0-1"]
[Round "03"]
[TimeControl "180+2"]
[Date "2023.02.28"]
[WhiteClock "0:01:16"]
[BlackClock "0:01:47"]

1. d4 d5 2. Nc3 Nf6 3. Bg5 Bf5 4. f3 h6 5. Bh4 g5 6. Bf2 e6 7. Qd2 Bd6 8. O-O-O Qe7 9. g4 Bg6 10. h4 Nh7 11. hxg5 hxg5 12. e3 Nd7 13. Nge2 O-O-O 14. Kb1 f5 15. Nb5 fxg4 16. fxg4 Kb8 17. Nxd6 Qxd6 18. Nc3 Nhf6 19. Nb5 Qb6 20. Be2 Ne4 21. Qe1 Rxh1 22. Qxh1 Nxf2 23. Qf1 Nxd1 24. Qxd1 0-1


[Site "https://www.chess.com"]

[Event "Titled Tuesday Blitz February 28 Late 2023"]
[White "Jarocka, Liwia"]
[Black "Ricaurte Lopez, Juan Carlos"]
[WhiteFideId "21807558"]
[BlackFideId "3600327"]
[WhiteElo "2013"]
[BlackElo "2209"]
[Result "0-1"]
[Round "03"]
[TimeControl "180+2"]
[Date "2023.02.28"]
[WhiteClock "0:01:43"]
[BlackClock "0:01:37"]

1. d4 d5 2. c4 e6 3. Nc3 c5 4. cxd5 cxd4 5. Qxd4 Nc6 6. Qa4 exd5 7. Bg5 Qxg5 8. Nf3 Qf5 9. e3 Bb4 10. Bb5 Bxc3+ 11. bxc3 Ne7 12. O-O O-O 13. Rfd1 a6 14. Bxc6 bxc6 15. Qa3 Re8 16. Nd4 Qf6 17. Rac1 Bg4 18. Re1 Nf5 19. Nb3 Nd6 20. Qa4 Nc4 21. h3 Bf5 22. Nd4 c5 23. Nf3 Nb2 0-1


[Site "https://www.chess.com"]

[Event "Titled Tuesday Blitz February 28 Late 2023"]
[White "Pissama Ntsaou, Martial"]
[Black "Vaglio Munoz, Jaime"]
[WhiteFideId "17400864"]
[BlackFideId "6500145"]
[WhiteElo "2068"]
[BlackElo "2199"]
[Result "0-1"]
[Round "03"]
[TimeControl "180+2"]
[Date "2023.02.28"]
[WhiteClock "0:00:42"]
[BlackClock "0:02:10"]

1. e4 e6 2. d4 d5 3. Nd2 dxe4 4. Nxe4 Nf6 5. Nxf6+ Qxf6 6. Nf3 h6 7. Bd3 Nc6 8. c3 Bd6 9. O-O O-O 10. Qe2 e5 11. dxe5 Nxe5 12. Nxe5 Bxe5 13. Re1 Re8 14. Be3 Bd7 15. Bb5 Bxb5 16. Qxb5 b6 17. Rad1 Bd6 18. g3 Re5 19. Qc6 Rae8 20. Kf1 Qf5 21. Qg2 Qc2 22. Bd4 Rxe1+ 23. Rxe1 Qd3+ 0-1


[Site "https://www.chess.com"]

[Event "Titled Tuesday Blitz February 28 Late 2023"]
[White "Abdyzhaparov, Aidar"]
[Black "Torres Dominguez, David"]
[WhiteFideId "13800361"]
[BlackFideId "2220857"]
[WhiteElo "2002"]
[BlackElo "1999"]
[Result "1-0"]
[Round "03"]
[TimeControl "180+2"]
[Date "2023.02.28"]
[WhiteClock "0:00:34"]
[BlackClock "0:00:11"]

1. Nf3 d5 2. c4 d4 3. e3 Nc6 4. b4 dxe3 5. fxe3 Nxb4 6. d4 e6 7. Nc3 Nf6 8. a3 Nc6 9. d5 Ne7 10. e4 exd5 11. cxd5 Ng6 12. e5 Nd7 13. e6 Nf6 14. exf7+ Kxf7 15. Ng5+ Kg8 16. d6 Qe8+ 17. Kf2 Ng4+ 18. Qxg4 Bxg4 19. Bc4+ Be6 20. Bxe6+ Qxe6 21. Nxe6 Bxd6 22. Nb5 Be5 23. Rb1 h6 24. Nbxc7 Rc8 25. Nd5 Rc2+ 26. Ke3 Kh7 27. Rxb7 Re8 28. Kd3 Rxg2 29. Nxg7 Rc8 30. Nh5+ Kh8 31. Nhf6 Nf8 32. Bxh6 Rg6 33. Bxf8 Bxf6 34. Nxf6 Rd8+ 35. Ke4 Rxf6 36. Bg7+ Kg8 37. Bxf6 Re8+ 38. Kf5 Re3 39. Rg1+ Kf8 40. Rd1 Rf3+ 41. Kg4 Rxf6 42. Rd8# 1-0


[Site "https://www.chess.com"]

[Event "Titled Tuesday Blitz February 28 Late 2023"]
[White "mohsengabr2002"]
[Black "Manu_ChessExcelsior"]
[WhiteElo "2338"]
[BlackElo "1966"]
[Result "1-0"]
[Round "03"]
[TimeControl "180+2"]
[Date "2023.02.28"]
[WhiteClock "0:00:25"]
[BlackClock "0:00:02"]

1. e4 e5 2. Bc4 Nf6 3. d3 Nc6 4. Nc3 Bc5 5. Be3 Bb6 6. Qd2 d6 7. h3 Be6 8. Bxe6 fxe6 9. Bxb6 axb6 10. Nge2 Qe7 11. a3 O-O 12. O-O d5 13. f4 exf4 14. Nxf4 d4 15. Nb5 e5 16. Ne2 Na7 17. Nxa7 Rxa7 18. g4 Raa8 19. Ng3 g6 20. Rf2 Nd7 21. Rg2 Rf4 22. Ne2 Rf3 23. Qh6 Raf8 24. Ng3 Qg7 25. Qd2 R8f7 26. Rf1 Rxf1+ 27. Nxf1 Nf8 28. Ng3 Ne6 29. Nf5 gxf5 30. gxf5 Qxg2+ 31. Qxg2+ Rg7 32. fxe6 Rxg2+ 33. Kxg2 Kf8 34. Kg3 Ke7 35. Kg4 Kxe6 36. Kg5 b5 37. h4 c5 38. b3 c4 39. b4 cxd3 40. cxd3 h6+ 41. Kg6 1-0


[Site "https://www.chess.com"]

[Event "Titled Tuesday Blitz February 28 Late 2023"]
[White "Govender, Kaedan"]
[Black "Boder, Jan"]
[WhiteFideId "14322072"]
[BlackFideId "16243226"]
[WhiteElo "1952"]
[BlackElo "2241"]
[Result "0-1"]
[Round "03"]
[TimeControl "180+2"]
[Date "2023.02.28"]
[WhiteClock "0:01:06"]
[BlackClock "0:00:54"]

1. d4 Nf6 2. c4 c5 3. d5 b5 4. Nf3 bxc4 5. Nc3 d6 6. e4 g6 7. Bxc4 Bg7 8. O-O O-O 9. Be3 a5 10. h3 Ba6 11. Bxa6 Nxa6 12. Qd2 Qb6 13. Rab1 Rfb8 14. e5 Ne8 15. e6 f6 16. Bh6 Nac7 17. Bxg7 Nxg7 18. Rfe1 Nb5 19. Na4 Qb7 20. Re4 Nf5 21. Nh4 Nbd4 22. Qh6 Nxh6 0-1


[Site "https://www.chess.com"]

[Event "Titled Tuesday Blitz February 28 Late 2023"]
[White "Vargas, Mauricio"]
[Black "Van Foreest, Machteld"]
[WhiteFideId "4404572"]
[BlackFideId "1051563"]
[WhiteElo "2025"]
[BlackElo "2018"]
[Result "0-1"]
[Round "03"]
[TimeControl "180+2"]
[Date "2023.02.28"]
[WhiteClock "0:00:14"]
[BlackClock "0:00:47"]

1. e4 c6 2. d4 d5 3. e5 Bf5 4. g4 Be4 5. f3 Bg6 6. h4 h5 7. e6 fxe6 8. g5 Qd6 9. f4 c5 10. c3 Nc6 11. Bd3 Bxd3 12. Qxd3 cxd4 13. cxd4 Qb4+ 14. Nc3 Qxd4 15. Qg6+ Kd7 16. Nge2 Qc4 17. f5 exf5 18. Qxf5+ e6 19. Qf7+ Nge7 20. Nf4 d4 21. Ne4 Ne5 22. Nf6+ gxf6 23. Qxf6 Nd3+ 0-1


[Site "https://www.chess.com"]

[Event "Titled Tuesday Blitz February 28 Late 2023"]
[White "Kostiukov, Alexandr"]
[Black "tandercat"]
[WhiteFideId "14108100"]
[WhiteElo "2202"]
[BlackElo "1876"]
[Result "1-0"]
[Round "03"]
[TimeControl "180+2"]
[Date "2023.02.28"]
[WhiteClock "0:00:09"]
[BlackClock "0:00:31"]

1. c4 c5 2. g3 g6 3. Bg2 Bg7 4. Nf3 Nc6 5. O-O e5 6. Nc3 d6 7. a3 a5 8. Rb1 Be6 9. d3 Nge7 10. Ne1 O-O 11. Nc2 d5 12. cxd5 Nxd5 13. Ne4 b6 14. Ng5 Bc8 15. b4 axb4 16. axb4 h6 17. Ne4 f5 18. b5 fxe4 19. Bb2 Ncb4 20. Bxe4 Bb7 21. Nxb4 cxb4 22. Bxg6 Nc3 23. Bxc3 bxc3 24. Qb3+ Qd5 25. Qxd5+ Bxd5 26. Rfc1 Rfc8 27. Rc2 Ra3 28. e4 Bb3 29. Rxb3 Rxb3 30. Bf5 Re8 31. Bd7 Rd8 32. Bc6 Kh8 33. Bd5 Rc8 34. Bxb3 Rc5 35. Bc4 Bf8 36. Rxc3 Be7 37. Kg2 Bg5 38. Ra3 Bd2 39. Ra7 Bc3 40. f4 exf4 41. gxf4 Bd4 42. e5 Bxe5 43. fxe5 Rxe5 44. Rb7 Re2+ 45. Kg3 Re3+ 46. Kf4 Re2 47. Rxb6 Rxh2 48. Rb7 Rf2+ 49. Kg3 Rb2 50. Re7 Rd2 51. b6 Rb2 52. b7 Rb6 53. Bd5 Rg6+ 54. Kf4 Rb6 55. Be4 Rf6+ 56. Ke5 Rb6 57. d4 Kg8 58. d5 Kf8 59. Rc7 Rb5 60. Rh7 Kg8 61. Rc7 Kf8 62. Kd6 Kg8 63. Kc6 Rb1 64. d6 Rc1+ 65. Kd7 Rb1 66. Rc8+ Kg7 67. b8=Q Rxb8 68. Rxb8 Kf6 69. Rh8 Kg5 70. Ke6 h5 71. d7 h4 72. d8=Q+ Kg4 73. Qxh4# 1-0


[Site "https://www.chess.com"]

[Event "Titled Tuesday Blitz February 28 Late 2023"]
[White "Svane, Frederik"]
[Black "Nakamura, Hikaru"]
[WhiteFideId "12923044"]
[BlackFideId "2016192"]
[WhiteElo "2502"]
[BlackElo "2879"]
[Result "0-1"]
[Round "04"]
[TimeControl "180+2"]
[Date "2023.02.28"]
[WhiteClock "0:00:05"]
[BlackClock "0:00:40"]

1. e4 c5 2. Nf3 d6 3. d4 cxd4 4. Nxd4 Nf6 5. Nc3 g6 6. Be2 Bg7 7. O-O O-O 8. Re1 Nc6 9. Bf1 Ng4 10. Nxc6 bxc6 11. h3 Nf6 12. Rb1 Nd7 13. Bd2 Nb6 14. Qc1 Re8 15. Bh6 Bh8 16. Nd1 e5 17. c4 Nd7 18. b4 Nf8 19. Bg5 Qc7 20. Be3 Ne6 21. Nc3 Nd4 22. Qd2 Be6 23. a3 Rad8 24. Rec1 Bxh3 25. Ne2 Nxe2+ 26. Bxe2 Be6 27. Rb3 f5 28. Bg5 Rd7 29. exf5 gxf5 30. Rg3 Bg7 31. Bh6 f4 32. Rxg7+ Rxg7 33. Bxg7 Kxg7 34. Rd1 Rd8 35. Qc3 c5 36. b5 Kh8 37. a4 Qg7 38. Bf3 e4 39. Qxg7+ Kxg7 40. Bxe4 Bxc4 41. Bc6 d5 42. Rc1 Kf6 43. a5 Ke5 44. b6 axb6 45. axb6 Kd6 46. Ba4 Rb8 47. Rb1 Bd3 48. Rb2 c4 49. b7 c3 50. Rb6+ Kc5 51. Rc6+ Kb4 52. Bd1 Rxb7 53. Bf3 Re7 54. Bxd5 Re1+ 0-1


[Site "https://www.chess.com"]

[Event "Titled Tuesday Blitz February 28 Late 2023"]
[White "Carlsen, Magnus"]
[Black "Rasulov, Vugar"]
[WhiteFideId "1503014"]
[BlackFideId "13402390"]
[WhiteElo "2852"]
[BlackElo "2509"]
[Result "1-0"]
[Round "04"]
[TimeControl "180+2"]
[Date "2023.02.28"]
[WhiteClock "0:00:24"]
[BlackClock "0:00:13"]

1. d4 Nf6 2. c4 e6 3. Nf3 d5 4. Nc3 c6 5. g3 Nbd7 6. Bg2 Be7 7. O-O O-O 8. b3 b6 9. Bb2 Ba6 10. Qd3 Rc8 11. a4 Bb4 12. Na2 Bd6 13. Nc3 Bb4 14. Rfd1 Qe7 15. Nd2 Rfd8 16. e3 e5 17. Qc2 e4 18. Bh3 h5 19. Rac1 Bb7 20. Nf1 Ng4 21. Qe2 Ndf6 22. c5 bxc5 23. Na2 c4 24. Nxb4 Qxb4 25. bxc4 Ba6 26. Bc3 Qxc4 27. Qxc4 Bxc4 28. Nd2 Ba6 29. Nb3 Rb8 30. Ba5 Rdc8 31. Nc5 Bc4 32. Rb1 Nh7 33. Bf1 Bxf1 34. Rxf1 Ng5 35. Kg2 Nf3 36. Nd7 Rxb1 37. Rxb1 Ngxh2 38. Rb8 Rxb8 39. Nxb8 Ng4 40. Nxc6 f5 41. Nxa7 g5 42. Nc6 h4 43. gxh4 gxh4 44. Bb4 Ng5 45. Ne7+ Kf7 46. Nxf5 h3+ 47. Kg3 h2 48. Kg2 Nf3 49. Ng3 Ke6 50. a5 Kd7 51. a6 Kc6 52. Ba5 Nh4+ 53. Kh3 Nxf2+ 54. Kxh4 h1=Q+ 55. Nxh1 Nxh1 56. Be1 Kb6 57. Kh3 Kxa6 58. Kg2 Kb5 59. Kxh1 Kc4 60. Bg3 Kd3 61. Bf4 1-0


[Site "https://www.chess.com"]

[Event "Titled Tuesday Blitz February 28 Late 2023"]
[White "Vachier-Lagrave, Maxime"]
[Black "Swiercz, Dariusz"]
[WhiteFideId "623539"]
[BlackFideId "1126881"]
[WhiteElo "2740"]
[BlackElo "2627"]
[Result "1/2-1/2"]
[Round "04"]
[TimeControl "180+2"]
[Date "2023.02.28"]
[WhiteClock "0:00:06"]
[BlackClock "0:00:05"]

1. c4 g6 2. d4 Bg7 3. Nc3 Nf6 4. e4 d6 5. h3 e5 6. d5 a5 7. g4 Na6 8. Bd3 Nc5 9. Bc2 h5 10. g5 Nh7 11. h4 f6 12. Be3 fxg5 13. hxg5 Nxg5 14. Qd2 Nf7 15. Nge2 Bd7 16. O-O-O Qe7 17. Rdg1 Qf6 18. Kb1 b6 19. a3 a4 20. Qd1 Bh6 21. Bxh6 Nxh6 22. f4 Ng4 23. Qd2 O-O-O 24. Rf1 Rdf8 25. f5 gxf5 26. exf5 Qh6 27. Qxh6 Rxh6 28. Rf3 h4 29. Rg1 Nf6 30. Rh3 Rh5 31. Rg6 Kd8 32. Ka2 Ke7 33. Nd1 Rg8 34. Rxg8 Nxg8 35. Ne3 Nf6 36. Ng1 Rg5 37. Ne2 Rh5 38. Ng1 e4 39. Bd1 Rg5 40. Ne2 Bxf5 41. Rxh4 Bd7 42. Nd4 Rg1 43. Bc2 Re1 44. Ng2 Rf1 45. Ne3 Re1 46. Ng2 Rc1 47. Ne3 Rg1 48. Rh2 Re1 49. Ng2 Rf1 50. Ne3 Re1 51. Ng2 Rc1 52. Ne3 Rg1 53. Rf2 Rg5 54. Nef5+ Bxf5 55. Nxf5+ Kd8 56. Nd4 Ke7 57. Nc6+ Kf7 58. Nd8+ Kg7 59. Nc6 Rg3 60. Nd4 Kg6 61. Nb5 Kg5 62. Nxc7 e3 63. Rh2 Nfe4 64. Ne6+ Kf6 65. Nd4 Ke5 66. Ne2 Rg5 67. Rh4 Nf2 68. Rh6 Ng4 69. Rh8 Nf6 70. Rh2 Rg4 71. Rh3 Rxc4 72. Rxe3+ Kxd5 73. Bg6 Kc6 74. Bf7 d5 75. Rf3 Nfe4 76. Bg6 Nd6 77. Bb1 Rh4 78. Rf6 Ne4 79. Rg6 Rh2 80. Nd4+ Kc5 81. Ne6+ Kc4 82. Nf4 Nc3+ 83. Ka1 Nxb1 84. Kxb1 Rh1+ 85. Ka2 Kc5 86. Nd3+ Kc6 87. Nb4+ Kc5 88. Nd3+ Kc6 89. Ne5+ Kc5 90. Nd7+ Kc6 91. Ne5+ Kc5 92. Nd3+ 1/2-1/2


[Site "https://www.chess.com"]

[Event "Titled Tuesday Blitz February 28 Late 2023"]
[White "Andreikin, Dmitry"]
[Black "Chigaev, Maksim"]
[WhiteFideId "4158814"]
[BlackFideId "4108116"]
[WhiteElo "2736"]
[BlackElo "2547"]
[Result "1/2-1/2"]
[Round "04"]
[TimeControl "180+2"]
[Date "2023.02.28"]
[WhiteClock "0:01:38"]
[BlackClock "0:00:59"]

1. c4 Nf6 2. Nf3 c6 3. Nc3 d5 4. e3 a6 5. d4 b5 6. b3 Bg4 7. Qc2 Bxf3 8. gxf3 Nbd7 9. f4 e6 10. c5 g6 11. Be2 Bg7 12. Bd2 Ng8 13. a4 b4 14. Na2 a5 15. Nc1 Ne7 16. Nd3 Nf5 17. Bg4 Nf6 18. Bxf5 exf5 19. Ne5 Rc8 20. f3 Nh5 21. h4 O-O 22. O-O-O Qe7 23. Rdg1 Bxe5 24. fxe5 Qe6 25. f4 h6 26. Qd1 Kh7 27. Qe2 Rg8 28. Rg2 Ra8 29. Rgg1 Rg7 30. Rg2 Rgg8 31. Rhg1 Rg7 32. Qxh5 gxh5 33. Rxg7+ Kh8 34. Kc2 Rb8 35. Be1 Rc8 36. Bd2 Rb8 37. Bc1 Rc8 38. Bd2 Rb8 1/2-1/2


[Site "https://www.chess.com"]

[Event "Titled Tuesday Blitz February 28 Late 2023"]
[White "Livaic, Leon"]
[Black "Firouzja, Alireza"]
[WhiteFideId "14531534"]
[BlackFideId "12573981"]
[WhiteElo "2509"]
[BlackElo "2904"]
[Result "0-1"]
[Round "04"]
[TimeControl "180+2"]
[Date "2023.02.28"]
[WhiteClock "0:00:09"]
[BlackClock "0:01:01"]

1. d4 Nf6 2. Bg5 c5 3. Bxf6 gxf6 4. c3 e6 5. e3 d5 6. Nd2 Nc6 7. Ngf3 f5 8. dxc5 Bxc5 9. b4 Be7 10. a3 Bf6 11. Rc1 O-O 12. Bd3 e5 13. Bb1 e4 14. Nd4 Nxd4 15. cxd4 f4 16. Qh5 fxe3 17. fxe3 Bg5 18. Ke2 f5 19. g3 Be6 20. Nb3 Bf7 21. Qh3 Qe8 22. Kd2 Bh5 23. Rc7 h6 24. Nc5 Bg4 25. Qf1 b6 26. Nd7 Rf7 27. Qb5 Rd8 28. Rhc1 Rfxd7 29. Rxd7 Qxd7 30. Qa6 h5 31. Ba2 Kh8 32. h4 Bh6 33. Rc5 Rf8 34. Rxd5 Qc7 35. Bb3 Qxg3 36. Rd7 Qxe3+ 37. Kc2 Qc1# 0-1


[Site "https://www.chess.com"]

[Event "Titled Tuesday Blitz February 28 Late 2023"]
[White "Duda, Jan-Krzysztof"]
[Black "Indjic, Aleksandar"]
[WhiteFideId "1170546"]
[BlackFideId "911925"]
[WhiteElo "2790"]
[BlackElo "2625"]
[Result "0-1"]
[Round "04"]
[TimeControl "180+2"]
[Date "2023.02.28"]
[WhiteClock "0:00:01"]
[BlackClock "0:00:07"]

1. e4 c5 2. Nf3 d6 3. d4 cxd4 4. Nxd4 Nf6 5. Nc3 a6 6. Bg5 Nbd7 7. Bc4 Qb6 8. Bb3 e6 9. Qd2 Be7 10. O-O-O Nc5 11. Qe2 h6 12. Be3 Qc7 13. f3 b5 14. g4 Nxb3+ 15. axb3 Bb7 16. h4 g6 17. g5 Nh5 18. Qf2 Rc8 19. b4 e5 20. Nb3 Ba8 21. Na5 Qd7 22. Nd5 Bxd5 23. exd5 Qf5 24. gxh6 Nf4 25. Kb1 O-O 26. Nc6 Bf6 27. Bxf4 Qxf4 28. h5 g5 29. Qe2 Kh7 30. Qd3+ Kxh6 31. Rdg1 Rxc6 32. Rg4 Rc4 33. Rxf4 Rxf4 34. Qa3 Ra8 35. Rh3 e4 36. fxe4 g4 37. Rg3 Be5 38. Qe3 Kxh5 39. Rg1 Kg6 40. c3 Rh8 41. Qa7 Rh3 42. Qxa6 g3 43. Qc8 Rfh4 0-1


[Site "https://www.chess.com"]

[Event "Titled Tuesday Blitz February 28 Late 2023"]
[White "Grischuk, Alexander"]
[Black "Dardha, Daniel"]
[WhiteFideId "4126025"]
[BlackFideId "240990"]
[WhiteElo "2727"]
[BlackElo "2581"]
[Result "0-1"]
[Round "04"]
[TimeControl "180+2"]
[Date "2023.02.28"]
[WhiteClock "0:00:01"]
[BlackClock "0:00:11"]

1. Nf3 d5 2. g3 b6 3. Bg2 Bb7 4. O-O e6 5. d3 Nf6 6. c4 dxc4 7. dxc4 Nbd7 8. Nc3 Bb4 9. Qc2 O-O 10. a3 Be7 11. Rd1 Qc8 12. e4 e5 13. b4 a5 14. Rb1 axb4 15. axb4 Re8 16. h3 Bd6 17. Be3 Bf8 18. Nd5 h6 19. c5 bxc5 20. bxc5 Bxd5 21. exd5 e4 22. Ne1 Ra3 23. Bc1 Ra5 24. c6 Ne5 25. Bxe4 Qxh3 26. Bg2 Qh5 27. Bf4 Nfg4 28. Nf3 Bc5 29. Rd2 Nxf3+ 30. Bxf3 Qh2+ 31. Kf1 Qh3+ 32. Bg2 Qh5 33. Qd1 g5 34. Bxc7 Ra3 35. d6 Rxg3 36. d7 Qh1+ 37. Bxh1 Nh2# 0-1


[Site "https://www.chess.com"]

[Event "Titled Tuesday Blitz February 28 Late 2023"]
[White "Madaminov, Mukhiddin"]
[Black "Martinez Alcantara, Jose Eduardo"]
[WhiteFideId "14210703"]
[BlackFideId "3805662"]
[WhiteElo "2511"]
[BlackElo "2712"]
[Result "0-1"]
[Round "04"]
[TimeControl "180+2"]
[Date "2023.02.28"]
[WhiteClock "0:00:01"]
[BlackClock "0:00:12"]

1. d4 Nf6 2. c4 e6 3. Nc3 Bb4 4. e3 O-O 5. Bd3 d5 6. Nf3 dxc4 7. Bxc4 c5 8. O-O a6 9. Bd3 Nbd7 10. a3 Ba5 11. Rb1 cxd4 12. Nxd4 Bxc3 13. bxc3 Qc7 14. c4 Nc5 15. Bc2 e5 16. Nb3 Na4 17. Bd2 Be6 18. Na5 Nc5 19. Bb4 b6 20. Nb3 Bxc4 21. Re1 Rfd8 22. Qc1 Bxb3 23. Bxb3 Rac8 24. Bc4 a5 25. Bxc5 Qxc5 26. Ba6 Qxc1 27. Rexc1 Rxc1+ 28. Rxc1 Ne4 29. g3 g6 30. Rc6 Rd1+ 31. Kg2 Rd2 32. Rxb6 Rxf2+ 33. Kg1 Ra2 34. Rb5 Ra1+ 35. Kg2 Ra2+ 36. Kg1 Ng5 37. Bb7 Ra1+ 38. Kg2 Ra2+ 39. Kg1 Nh3+ 40. Kh1 Rxa3 41. Rxe5 Nf2+ 42. Kg2 Ng4 43. Re8+ Kg7 44. h3 Nxe3+ 45. Kf2 Nf5 46. Bf3 Ra2+ 47. Ke1 Nxg3 48. Bd5 Ra4 49. Re7 Rf4 50. Ra7 a4 51. Bc6 Rf1+ 52. Kd2 Rf4 53. Bxa4 Nf5 54. Bb3 Nd6 55. Rd7 Rf6 56. Ke3 Nf5+ 57. Ke4 h5 58. Bc4 Nd6+ 59. Kd5 Nxc4 60. Kxc4 Rf4+ 61. Kc5 Rf3 0-1


[Site "https://www.chess.com"]